[Event "Early-Titled-Tuesday-Blitz-February-27-2024"]
[Site "Chess.com"]
[Date "2024.02.27"]
[Round "4"]
[White "Kirill_Klukin"]
[Black "Predator0608"]
[Result "1-0"]
[WhiteElo "2847"]
[BlackElo "2583"]
[TimeControl "180+1"]
[EndTime "8:39:59 PST"]
[Termination "Kirill_Klukin won by checkmate"]

1. d4 Nf6 2. Nf3 b6 3. e3 Bb7 4. Bd3 g6 5. O-O Bg7 6. b3 O-O 7. Bb2 d6 8. c4 Nbd7 9. Nc3 e5 10. dxe5 dxe5 11. Bc2 Re8 12. Qe2 Qe7 13. Rfd1 a6 14. Rac1 Rad8 15. h3 Nb8 16. Ng5 Nh5 17. Be4 Qxg5 18.
Bxb7 c6 19. Qf3 f5 20. Bxc6 e4 21. Bxe4 fxe4 22. Nxe4 Qe7 23. Bxg7 Kxg7 24. Nc3 Nf6 25. Nd5 Nxd5 26. cxd5 Rf8 27. Qg3 Rd6 28. e4 Re8 29.
Re1 Qe5 30. Rc7+ Nd7 31. f4 Qe7 32. Kh2 Qd8 33. Qc3+ Kg8 34. e5 Rxd5 35. Qc4 Nc5 36. Rxc5 bxc5 37. Rd1 Qh4 38. Qxd5+ Kh8 39. Qf3 Rf8 40.
Rf1 h5 41. Qg3 Qxg3+ 42. Kxg3 Kg7 43. Kf3 Rd8 44. Ke3 Kf7 45. g4 Ke6 46. Rc1 Rd5 47.
Rc4 a5 48. Ke4 hxg4 49. hxg4 Rd1 50. f5+ gxf5+ 51. gxf5+ Ke7 52. Rxc5 Re1+ 53. Kd4 Rd1+ 54. Kc4 Rc1+ 55. Kb5 Ra1 56. Rc7+ Kd8 57. Rc2 Re1 58.
Rc5 Rf1 59. f6 Ra1 60. a4 Rb1 61. Kc6 Rxb3 62. Kd6 Rd3+ 63. Ke6 Rd7 64. f7 Re7+ 65. Kf6 Re6+ 66. Kg7 Re7 67. e6 Rb7 68. Rd5+ Kc8 69. Kf6 Rc7 70. f8=Q+ Kb7 71. Rd7 Rxd7 72. exd7 Kc6 73.
d8=Q Kb7 74. Qfe7+ Kc6 75. Qdd6# 1-0

[Event "Early-Titled-Tuesday-Blitz-February-27-2024"]
[Site "Chess.com"]
[Date "2024.02.27"]
[Round "4"]
[White "db-banana"]
[Black "Chemim21"]
[Result "1-0"]
[WhiteElo "2483"]
[BlackElo "2212"]
[TimeControl "180+1"]
[EndTime "8:40:00 PST"]
[Termination "db-banana won on time"]

1. e4 e6 2. d4 d5 3. exd5 exd5 4.
Bd3 c5 5. Nf3 c4 6. Be2 Nc6 7.
O-O Nf6 8. b3 cxb3 9. axb3 Bd6 10. c4 O-O 11. Bg5 Be6 12. Nc3 Be7 13. Re1 h6 14.
Bh4 Ne4 15. Nxe4 dxe4 16. Bxe7 Qxe7 17. d5 exf3 18. Bxf3 Rfd8 19. Qe2 Nd4 20. Qe4 Nxf3+ 21.
Qxf3 Bxd5 22. Rxe7 Bxf3 23. gxf3 Rdb8 24. Rd1 b5 25.
Rdd7 Rf8 26. cxb5 Rab8 27. Rb7 Rbc8 28. Rxa7 Rc3 29. Re3 Rc5 30. Rb7 Rd8 31. f4 Rd4 32. Re8+ Kh7 33. Rxf7 Rxb5 34. Ree7 Rxb3 35. Rxg7+ Kh8 36.
Rgf7 Rb8 37. Kg2 Rd3 38. Rh7+ Kg8 39. Rhg7+ Kh8 40. Rh7+ Kg8 41. Rxh6 Rf8 42. Rg6+ Kh8 43. Rh6+ Kg8 44. Rg6+ Kh8 45. Rg3 Rd4 46. Rh3+ Kg8 47. Rf3 Rdxf4 48. Rxf4 Rxf4 49. Kg3 Rf6 50. f4 Rg6+ 51. Kf3 Rh6 52. Kg2 Rg6+ 53. Kf3 Rh6 54. Re2 Kf7 55. Kg4 Kf6 56. Ra2 Rg6+ 57. Kf3 Rg1 58.
h4 Rf1+ 59. Kg3 Rg1+ 60. Rg2 Rc1 61. Kg4 Rc8 62. h5 Rg8+ 63. Kf3 Rh8 64. Rg5 Rb8 65. Ra5 Rb3+ 66. Kg4 Rb1 67. Ra6+ Kf7 68. h6 Kg8 69. Kg5 Rf1 70. f5 Rg1+ 71. Kf6 Kh7 72. Kf7 Rf1 73. f6 Rf3 74. Kf8 Kxh6 75. f7+ Kh7 76. Ra4 Kg6 77. Rg4+ Kh5 78. Rg1 Kh6 79. Kg8 Rf1 80. Rxf1 1-0

[Event "Early-Titled-Tuesday-Blitz-February-27-2024"]
[Site "Chess.com"]
[Date "2024.02.27"]
[Round "4"]
[White "Sajith_Peiris"]
[Black "wanyaland"]
[Result "1-0"]
[WhiteElo "2293"]
[BlackElo "2493"]
[TimeControl "180+1"]
[EndTime "8:40:04 PST"]
[Termination "Sajith_Peiris won by resignation"]

1. e4 c5 2. Nc3 e6 3. Nf3 a6 4. d4 cxd4 5. Nxd4 Qc7 6. Bd3 Nc6 7. Nxc6 bxc6 8. O-O d5 9. Re1 Nf6 10. e5 Nd7 11.
Bf4 Rb8 12. Rb1 Be7 13. Qg4 g5 14. Bd2 Nxe5 15. Qg3 Bf6 16. Bxg5 Rg8 17. Bxf6 Rxg3 18. Bxe5 Qxe5 19. Rxe5 Rg7 20. b3 Kf8 21. Na4 f6 22. Rh5 Kg8 23. Nc5 e5 24. Bxa6 Bxa6 25. Nxa6 Ra8 26.
Nb4 c5 27. Nxd5 Rxa2 28. Ne3 Rd7 29. Kf1 Kg7 30. Ke1 Kg6 31. Rh4 f5 32. Rd1 Rxd1+ 33. Kxd1 h5 34. Rc4 Ra1+ 35. Ke2 f4 36. Nd5 Rg1 37.
g3 Rg2 38. gxf4 Rxh2 39. fxe5 Kf5 40. Ne3+ Kxe5 41. Rxc5+ Kd6 42. Rc8 Rh1 43. Rh8 Ke7 44. b4 Kf7 45. b5 Kg6 46. b6 Rb1 47. Nc4 Rb4 48. Kd3 Kg5 49. Kc3 Rb5 50. Rb8 h4 51. b7 h3 52. Rh8 h2 53. Rxh2 Rxb7 54. Rg2+ Kf4 55. Kd3 Kf3 56. Rh2 Rd7+ 57. Kc3 Rc7 58. Kb3 Rb7+ 59. Ka2 Rc7 60. Na3 Rb7 61. c4 Rb4 62. c5 Rb7 63. Rh5 Kxf2 64. c6 Rc7 65. Rc5 Ke3 66. Nb5 Rc8 67. c7 Ke4 68. Nd6+ Kd4 69.
Nxc8 Kxc5 70. Ne7 Kd6 71. c8=Q 1-0

[Event "Early-Titled-Tuesday-Blitz-February-27-2024"]
[Site "Chess.com"]
[Date "2024.02.27"]
[Round "4"]
[White "ahkashefi2800"]
[Black "Hovik_Hayrapetyan"]
[Result "1-0"]
[WhiteElo "2600"]
[BlackElo "2885"]
[TimeControl "180+1"]
[EndTime "8:40:11 PST"]
[Termination "ahkashefi2800 won by resignation"]

1. Nf3 d5 2. g3 Nf6 3. Bg2 e6 4. b3 Be7 5. Bb2 O-O 6. O-O c5 7. e3 Nc6 8. d3 b6 9. Nbd2 Bb7 10. Qe2 Qc7 11. Rfe1 e5 12. e4 dxe4 13. Nxe4 Nxe4 14. dxe4 Nd4 15. Qd1 Rad8 16. c3 Ne6 17. Qe2 c4 18. b4 a5 19. a3 b5 20. Nd2 axb4 21. axb4 Ra8 22. Nf1 Bg5 23. h4 Bh6 24. Rxa8 Rxa8 25. Bc1 Bxc1 26. Rxc1 Bc6 27. Ne3 Qa7 28. Ng4 f6 29. Bh3 Nf8 30. Rd1 Qb7 31. Bg2 Qc7 32. Kh2 Rd8 33. Rd2 Rxd2 34. Qxd2 Ng6 35. Ne3 Ne7 36.
Qa2 Nc8 37. Qa6 Nd6 38. f3 Bb7 39. Qa7 Nc8 40. Qa2 Nb6 41. Qa5 Qc6 42. Nf5 Kf7 43. Qa7 Nc8 44. Qb8 g6 45. Nh6+ Kg7 46. Ng4 h5 47.
Ne3 Qb6 48. Nc2 Ba6 49. Qa8 Qb7 50. Qxb7+ Bxb7 51. Bh3 Nb6 52. Na3 Bc6 53. Kg2 Na4 54. Nb1 Nb2 55. Kf1 f5 56. exf5 Bxf3 57. fxg6 Na4 58.
Bd7 Be4 59. Bxb5 Nb2 60. Nd2 Bd3+ 61. Kf2 Nd1+ 62. Ke1 Nxc3 63. Bxc4 Bxg6 64. Kf2 Kf6 65. b5 Be8 66. b6 Bc6 67. Ke3 Na4 68. Bb5 Bxb5 69. b7 Nc3 70. b8=Q Nd5+ 71. Kf2 Bc6 72. Ne4+ Kf5 73. Qc8+ Kxe4 74. Qxc6 Kd4 75. Qg6 e4 76. Qxh5 e3+ 77. Kf3 Nc3 78. Qg4+ Kd3 79. Qg6+ Kd2 80. Qd6+ Kc2 81. Kxe3 1-0

[Event "Early-Titled-Tuesday-Blitz-February-27-2024"]
[Site "Chess.com"]
[Date "2024.02.27"]
[Round "4"]
[White "FLYD"]
[Black "toog"]
[Result "1/2-1/2"]
[WhiteElo "1848"]
[BlackElo "2634"]
[TimeControl "180+1"]
[EndTime "8:40:22 PST"]
[Termination "Game drawn - insufficient material"]

1. e4 c6 2. d4 d5 3. Nc3 dxe4 4.
Bc4 Nf6 5. f3 exf3 6. Nxf3 e6 7.
O-O Be7 8. Bf4 Nd5 9. Nxd5 cxd5 10.
Bd3 Nc6 11. c3 Bd7 12. Qe1 O-O 13. Qg3 f6 14. Rae1 Rf7 15. Kh1 g5 16. Bc7 Qf8 17.
c4 Nb4 18. Be2 Nc2 19. Rc1 Ne3 20. Rfe1 Nf5 21. Qf2 Bc6 22. a3 Rc8 23. Ba5 Bd6 24. Bd3 dxc4 25. Bxc4 Bd5 26. Bxd5 exd5 27. Nd2 Rxc1 28.
Rxc1 Qh6 29. Nf1 Qg6 30. Rc8+ Rf8 31. Rxf8+ Bxf8 32. Qf3 Ne7 33. Bb4 Qf5 34. Ne3 Qb1+ 35. Qf1 Qxf1+ 36. Nxf1 Nf5 37. Bc3 Bd6 38. Kg1 Kf7 39. g4 Nh4 40. Kf2 Ke6 41. h3 Ng6 42. Bd2 Bf4 43. Bc3 Bc1 44. Kf3 Nf4 45. Kg3 Ne2+ 46. Kf3 Nxc3 47. bxc3 Bxa3 48. Nd2 Bb2 49. Nb3 b6 50. Ke3 Bxc3 51. Kd3 Bb4 52. Nc1 Bd6 53. Ne2 a5 54. Nc3 Bb4 55. Nb5 Kd7 56. Kc2 Kc6 57.
Na7+ Kb7 58. Nb5 Be7 59. Kb3 Kc6 60. Na7+ Kd7 61. Nb5 Bd6 62. Ka4 Bg3 63. Nc3 Kc6 64. Nb5 Bf2 65. Na7+ Kb7 66. Nb5 Bg3 67. Nc3 Bh2 68.
Nxd5 Bg1 69. Nxf6 Ka6 70. d5 b5+ 71. Kb3 a4+ 72. Kc3 a3 73. Kb3 Bc5 74. Ne4 Bf8 75. d6 Kb6 76. d7 Kc7 77. Nxg5 Kxd7 78. Nxh7 Be7 79. g5 Ke6 80. h4 b4 81. h5 Kf7 82.
g6+ Kg7 83. Ka2 Kh6 84. Kb3 Kg7 85. Ka2 Bc5 86. Kb3 Bd4 87. Ng5 Kh6 88. Ne6 Bc3 89.
Ka2 Kxh5 90. g7 Bxg7 91. Nxg7+ Kg6 92. Ne6 Kf6 93. Nd4 Ke5 94. Nc6+ Kd5 95. Nxb4+ Kc5 96.
Nc2 Kb5 97. Nxa3+ 1/2-1/2

[Event "Early-Titled-Tuesday-Blitz-February-27-2024"]
[Site "Chess.com"]
[Date "2024.02.27"]
[Round "4"]
[White "Dewarfd"]
[Black "arnash_bauyrzhan"]
[Result "1-0"]
[WhiteElo "2158"]
[BlackElo "2294"]
[TimeControl "180+1"]
[EndTime "8:40:27 PST"]
[Termination "Dewarfd won by resignation"]

1. d4 d5 2. e3 Nf6 3. Nf3 e6 4.
Bd3 Bd6 5. b3 O-O 6. Bb2 Nbd7 7.
O-O Qe7 8. Nbd2 e5 9. dxe5 Nxe5 10. Nxe5 Bxe5 11. Bxe5 Qxe5 12. c4 Bg4 13. Be2 Bxe2 14. Qxe2 d4 15. Nf3 Qe4 16. Nxd4 c5 17. Nf3 Rad8 18.
Rad1 b6 19. h3 h6 20. Rd2 Rxd2 21. Qxd2 Qf5 22. Rd1 Ne4 23. Qd5 Qg6 24. Rd3 Re8 25. Qd7 Nf6 26. Qd6 Qf5 27. Rd1 Qc2 28. Qd2 Qg6 29. Qd3 Qh5 30. a4 Ne4 31. Qd5 Qg6 32.
Ne5 Qf5 33. Nf3 Qg6 34. Qd3 Qh5 35. a5 Ng5 36. Nxg5 Qxg5 37. axb6 axb6 38. Qd5 Qg6 39. Qd7 Re6 40. Qd8+ Kh7 41. Qd3 f5 42. Qd5 Rf6 43.
Qa8 Qh5 44. Rd8 f4 45. Rh8+ Kg6 46. Qe8+ Rf7 47. Qe4+ Qf5 48. Qxf5+ Kxf5 49. exf4 Kxf4 50. Rb8 Rf6 51. Rb7 g5 52. Rd7 Ke4 53. Kf1 Kf4 54.
Ke2 Re6+ 55. Kd3 Rf6 56. Rd5 g4 57. hxg4 Kxg4 58. Ke2 Kf4 59. Rh5 Re6+ 60. Kf1 Rd6 61. g3+ Kg4 62. Rh4+ Kg5 63. Kg2 Rd2 64. Re4 Rd3 65.
Re5+ Kf6 66. Rh5 Rxb3 67. Rxh6+ Ke5 68. Rh4 b5 69. cxb5 Rxb5 70. g4 c4 71. Rh5+ Kf4 72. Rxb5 c3 73. Rc5 Kxg4 74. Rxc3 Kh4 75. Rc4+ Kg5 76.
Kg3 1-0

[Event "Early-Titled-Tuesday-Blitz-February-27-2024"]
[Site "Chess.com"]
[Date "2024.02.27"]
[Round "4"]
[White "Aleksandar-Topalov"]
[Black "Rawnsdale"]
[Result "0-1"]
[WhiteElo "2340"]
[BlackElo "2525"]
[TimeControl "180+1"]
[EndTime "8:40:29 PST"]
[Termination "Rawnsdale won on time"]

1. b3 e5 2. Bb2 Nc6 3. e3 Nf6 4. Bb5 Bd6 5. Na3 O-O 6. Nc4 Qe7 7. Bxc6 dxc6 8. Ne2 Bf5 9. O-O a5 10. Ng3 Bg6 11.
f4 exf4 12. Nxd6 Qxd6 13. Rxf4 Nd5 14. Rf2 a4 15. d3 Nxe3 16. Qf3 Nd5 17. h4 axb3 18.
axb3 Rxa1+ 19. Bxa1 h6 20. h5 Bh7 21. Qg4 f6 22.
Ne4 Bxe4 23. dxe4 Ne7 24. e5 fxe5 25. Qc4+ Qd5 26. Rxf8+ Kxf8 27. Qxd5 cxd5 28. Bxe5 c6 29. Kf2 g6 30. g4 gxh5 31. gxh5 Kf7 32. Kf3 Ke6 33.
Bg7 Nf5 34. Bf8 Kf7 35. Bc5 Kf6 36. Kf4 Ke6 37. Bf8 b6 38. b4 d4 39. Ke4 Ne3 40. Kxd4 Nxc2+ 41. Kc3 Ne3 42. Bxh6 Nd5+ 43. Kb3 Nf6 44.
Be3 Nxh5 45. Bxb6 Ng3 46. Kc4 Ne4 47. Bc5 Nd2+ 48. Kd4 Nb3+ 49. Kc4 Nd2+ 50. Kd4 Nf3+ 51. Kc4 Ne5+ 52. Kd4 Nd7 53. Kc4 Nf6 54. Bd4 Nd5 55.
Bc5 Kd7 56. Bd4 Nc7 57. Bc5 Nb5 58. Bd4 Kc7 59. Be5+ Kb7 60. Bb2 Nc7 61. Be5 Nb5 62. Bb2 Kb6 63. Bc1 Nd6+ 64. Kb3 Kb5 65. Bd2 Ne4 66. Be1 Nd6 67. Bd2 Nc4 68. Be1 Nb6 69. Bc3 Nd5 70. Bd2 Nf6 71. Be1 Ne4 72. Ka3 Kc4 73. Ka4 Nd6 74. Ka5 Nb5 75. Kb6 Kd5 76.
Bd2 Na3 77. Be1 Nc4+ 78. Kc7 Nb2 79. Bd2 Nd3 80. Be1 Ne5 81. Kb6 Nd7+ 82. Kc7 Nf6 83. Kb6 Nd7+ 84. Kc7 Ne5 85. Kb6 Nd3 86. Bd2 Nb2 87. Bc3 Na4+ 88. Kc7 Nxc3 89. Kb6 Nb5 90. Kb7 Nd4 91. Kb6 Kd6 92. b5 c5 93. Ka6 c4 94. b6 c3 95. b7 Nc6 0-1

[Event "Early-Titled-Tuesday-Blitz-February-27-2024"]
[Site "Chess.com"]
[Date "2024.02.27"]
[Round "4"]
[White "noblerone"]
[Black "LLariMarc"]
[Result "0-1"]
[WhiteElo "2507"]
[BlackElo "2347"]
[TimeControl "180+1"]
[EndTime "8:40:30 PST"]
[Termination "LLariMarc won by checkmate"]

1. d4 e6 2. c4 Nf6 3. Nc3 Bb4 4. Qb3 Bxc3+ 5. Qxc3 b6 6. Nf3 Bb7 7. Bg5 h6 8. Bh4 O-O 9. e3 d6 10. Be2 Nbd7 11. O-O Qe7 12. Nd2 Rfe8 13. Bf3 Bxf3 14. Nxf3 c5 15. Rfd1 Rac8 16. Rac1 g5 17. Bg3 Ne4 18.
Qa3 Ndf6 19. dxc5 bxc5 20. Qa6 Nxg3 21. hxg3 Ne4 22. Nd2 Nxd2 23. Rxd2 Rb8 24. b3 Rb6 25. Qa4 Kg7 26. Rcd1 Rd8 27. Qa3 Rd7 28. g4 Qf6 29. Qa4 Qd8 30. Qa5 Rc6 31. Qc3+ Qf6 32. Qc2 Kf8 33. Qh7 Qg7 34. Qe4 Rb6 35. Qa8+ Ke7 36. Qe4 Qh8 37. f3 a5 38. Qd3 h5 39. gxh5 Qxh5 40.
Qe4 Qh8 41. Qg4 Qg7 42. f4 f5 43. Qg3 g4 44. Qh4+ Kf7 45. Qh5+ Ke7 46. g3 Kd8 47. Qh2 Kc7 48. Qg2 Rb8 49. e4 fxe4 50. Qxe4 Qh6 51. Rh2 Qf6 52. Re1 Re8 53. Rh7 Rxh7 54. Qxh7+ Re7 55.
Qe4 Qd4+ 56. Kg2 Qxe4+ 57. Rxe4 Kd7 58. Kf2 Rh7 59. Re2 Rh2+ 60. Ke3 Rh3 61. Rg2 Ke7 62.
Ke4 Kf6 63. a3 Rh1 64. Rd2 Re1+ 65. Kd3 d5 66. cxd5 exd5 67. Kc2 Ke6 68. Rh2 Rg1 69. Rh6+ Kf5 70. Rd6 Ke4 71. Re6+ Kd4 72. f5 Rxg3 73. f6 Rg2+ 74. Kc1 Rf2 75. Kd1 g3 76. Ke1 Rf4 77.
f7 Rxf7 78. Rg6 Rf3 79. Ke2 Rf2+ 80. Ke1 Ra2 81. Rxg3 Rxa3 82. Kd2 Ra2+ 83. Kc1 a4 84. bxa4 c4 85. Kb1 Rxa4 86. Kc2 Ra2+ 87. Kc1 Rf2 88. Rg4+ Kc5 89. Rg3 d4 90. Rg8 Kb4 91. Rg3 d3 92.
Rg1 Kc3 93. Kb1 Rb2+ 94. Ka1 Rb8 95. Rc1+ Kd4 96. Rh1 d2 97. Ka2 Kc3 98. Rh3+ Kc2 99.
Ka3 c3 100. Rh1 Rb3+ 101. Ka2 Rb2+ 102. Ka1 Rb8 103. Ka2 Ra8# 0-1

[Event "Early-Titled-Tuesday-Blitz-February-27-2024"]
[Site "Chess.com"]
[Date "2024.02.27"]
[Round "4"]
[White "Fjal"]
[Black "Cheer_Down"]
[Result "1/2-1/2"]
[WhiteElo "2254"]
[BlackElo "2487"]
[TimeControl "180+1"]
[EndTime "8:40:36 PST"]
[Termination "Game drawn by 50-move rule"]

1. Nf3 Nf6 2. g3 b6 3. Bg2 Bb7 4. O-O e6 5. c4 Be7 6. d4 d5 7.
Nc3 O-O 8. Ne5 Na6 9. Re1 c5 10. cxd5 exd5 11. Bg5 h6 12. Bxf6 Bxf6 13. e3 Re8 14. f4 Nc7 15. Qh5 Bxe5 16. fxe5 cxd4 17. exd4 Qg5 18. Qxg5 hxg5 19. Rac1 Rad8 20. Ne4 Nb5 21. Nxg5 Nxd4 22. Rc7 Ba6 23. Nxf7 Rc8 24. Rxc8 Rxc8 25. Bxd5 Kf8 26. Re4 Rc1+ 27. Kg2 Nf5 28. g4 Ne7 29. Bb3 Bb7 30. Nd6 Bxe4+ 31. Nxe4 Re1 32. Kf3 Ng6 33. e6 Ne5+ 34. Kf4 Nxg4 35. Nd6 Nf6 36. Nf5 b5 37. e7+ Ke8 38. Nxg7+ Kxe7 39. Nf5+ Kd7 40. Nd4 Rh1 41. Nxb5 Rxh2 42. Nxa7 Kc7 43. Nb5+ Kb6 44. Nd4 Nd7 45. Ne6 Rxb2 46. Ke3 Ne5 47. Ke4 Ng4 48. Kf4 Nf2 49. Kf3 Nd3 50. Ke3 Nc1 51. Bd5 Nxa2 52. Bxa2 Rxa2 53. Kd4 Kb7 54. Nf4 Kc7 55. Nd3 Kd6 56. Nf4 Rh2 57. Ke4 Rh4 58. Kf5 Kc7 59.
Ke5 Rh1 60. Kf5 Ra1 61. Ke5 Ra5+ 62. Ke4 Kd6 63. Nd3 Ra4+ 64. Ke3 Kd5 65. Nf4+ Ke5 66. Nd3+ Kf5 67. Nc5 Ra8 68. Kd4 Rc8 69. Nd3 Rd8+ 70. Ke3 Kg4 71. Ke4 Re8+ 72. Ne5+ Kg5 73. Kd5 Kf6 74. Nc6 Re1 75. Nd4 Rd1 76. Kc4 Ke5 77.
Nc6+ Kd6 78. Nb4 Rh1 79. Kd4 Rh4+ 80. Kc3 Ke5 81. Nd3+ Ke4 82. Nc5+ Kd5 83. Nd3 Kc6 84. Nb4+ Kb5 85. Nd3 Rh3 86. Kd4 Rh8 87. Ne5 Rd8+ 88. Ke4 Ka5 89. Nd3 Rh8 90. Ne5 Kb5 91. Nd3 Kc4 92. Ne5+ Kc3 93. Kd5 Rh5 94. Kd6 Rf5 95.
Nc6 Kc4 96. Ke6 Rc5 97. Ne5+ Kd4 98. Nf7 Rc6+ 99. Nd6 Ra6 100. Kd7 Kc5 101. Nb7+ Kb6 102. Nd6 Ra7+ 1/2-1/2

[Event "Early-Titled-Tuesday-Blitz-February-27-2024"]
[Site "Chess.com"]
[Date "2024.02.27"]
[Round "4"]
[White "Eagle_2019"]
[Black "PepeCuenca"]
[Result "0-1"]
[WhiteElo "2885"]
[BlackElo "2710"]
[TimeControl "180+1"]
[EndTime "8:40:37 PST"]
[Termination "PepeCuenca won on time"]

1. c4 Nf6 2. Nc3 g6 3. g3 Bg7 4. Bg2 O-O 5. d4 d6 6. Nf3 Nc6 7. O-O a6 8. b3 Rb8 9. d5 Na5 10. Bg5 c5 11. dxc6 Nxc6 12. Rc1 Bf5 13. Qd2 Ne4 14.
Nxe4 Bxe4 15. Rfd1 Re8 16. Bh6 Bxh6 17. Qxh6 Bxf3 18.
Bxf3 Qa5 19. Qd2 Qxd2 20. Rxd2 Ne5 21. Bg2 Rec8 22. Rdc2 b6 23. Kf1 Rc7 24. Ke1 Rbc8 25. Kd2 Kf8 26. f4 Nd7 27. Bh3 e6 28. e4 Ke7 29.
Bf1 a5 30. Ke3 b5 31. Kd2 b4 32. Ke3 Nc5 33. e5 f6 34. exd6+ Kxd6 35. h4 Ke7 36. h5 g5 37. fxg5 fxg5 38. Rf2 Rf8 39. Rxf8 Kxf8 40. Be2 h6 41. Rf1+ Ke7 42. Kd4 Nd7 43. Re1 Nf6 44. Bf3 Kd6 45. Rd1 Rc5 46. Ke3+ Ke7 47. Kd4 Kd6 48. Ke3+ Ke7 49. g4 Rc7 50. Rd2 Rd7 51.
Rxd7+ Nxd7 52. Kd4 Kd6 53. Be2 Nc5 54. Bd1 e5+ 55. Ke3 Ke6 56. Bc2 Kd6 57. Bf5 a4 58. Bc2 a3 59. Bd1 Ke7 60. Bc2 Ke6 61. Bd1 Kd6 62.
Bc2 Ne6 63. Ke4 Nd4 64. Bd1 Ke6 65. c5 Nb5 66. Kd3 Kd5 67. c6 Kxc6 68. Kc4 Nc3 69. Bf3+ e4 70. Bh1 Nxa2 71. Bxe4+ Kd6 72. Bg6 Ke5 73.
Kd3 Nc3 74. Kc2 a2 75. Kb2 Kf4 76. Bf5 Ke3 77. Be6 Kf4 78. Bd7 Ke3 79. Bf5 Nd5 80. Be6 Nf4 81. Bc8 Kf3 82. Kxa2 Nd3 83. Kb1 Ne5 84.
Kc2 Nxg4 85. Kd3 Ne5+ 86. Kd4 Kf4 87. Kc5 g4 88. Kxb4 g3 89. Bb7 Nf3 0-1

[Event "Early-Titled-Tuesday-Blitz-February-27-2024"]
[Site "Chess.com"]
[Date "2024.02.27"]
[Round "4"]
[White "Njal28"]
[Black "Kezin_Roman"]
[Result "1-0"]
[WhiteElo "3010"]
[BlackElo "2782"]
[TimeControl "180+1"]
[EndTime "8:40:47 PST"]
[Termination "Njal28 won by resignation"]

1. d4 g6 2. e4 Bg7 3. Nf3 c6 4.
Be3 d5 5. e5 h5 6. h3 Nh6 7. c3 Nf5 8. Bf4 Qb6 9. Qd2 c5 10. Na3 Nc6 11. dxc5 Qxc5 12. b4 Qb6 13. Qxd5 Be6 14. Qb5 O-O 15. Be2 Qxb5 16. Nxb5 Bd5 17. O-O Rac8 18. Rfd1 Bxf3 19. Bxf3 Bxe5 20. Bxc6 bxc6 21.
Nxa7 Bxf4 22. Nxc8 Rxc8 23. a4 Be5 24. Ra3 Nd6 25.
a5 Nb5 26. Rb3 Bxc3 27. Rd7 e5 28. Rb7 Bd4 29. Rf3 Rc7 30. Rxc7 Nxc7 31. Rf6 Ne6 32. Rf3 Kf8 33. a6 Nc7 34. Ra3 Nb5 35. Rd3 Ke7 36. Kf1 Kd6 37. f4 f6 38. fxe5+ fxe5 39. Rg3 Kc7 40. Rxg6 Kb6 41. g4 hxg4 42. Rxg4 Kxa6 43.
h4 Nc3 44. h5 e4 45. h6 Kb5 46. h7 Kxb4 47. Ke1 c5 48. Rg8 e3 49. Rd8 Be5 50. Re8 Bf6 51. Rg8 Bh4+ 52. Kf1 e2+ 53.
Kg2 e1=Q 54. h8=Q Qf2+ 55. Kh3 Bf6 56. Rg4+ Ka3 57. Qa8+ Kb2 58. Rg2 Qxg2+ 59. Kxg2 Bd4 60. Kf3 Kb3 61. Kg2 Kb2 62. Kf1 Kc2 63. Ke1 Be3 64. Qf3 Bd4 65. Qf5+ Kb2 66. Kd2 Kb3 67. Qf7+ Kb4 68. Kd3 Kb5 69. Qb3+ Kc6 70. Kc4 Kd6 71. Qb8+ Kc6 72. Qg8 Kd6 73. Qg3+ Kc6 74. Qg6+ Kd7 75. Qh6 Ke7 76. Kd3 Kd7 77. Kd2 Kc7 78. Ke1 Kd7 79. Kf1 Nb5 80. Kg2 Nc3 81. Kf3 Kc7 82.
Kg4 Nd5 83. Kf5 Nf6 84. Qh1 Kd7 85. Qb7+ Kd6 86. Qb6+ Kd7 87. Qe6+ Kc7 88. Qa6 Kd7 89. Qa5 Kd6 90. Qa2 Kc6 91. Ke6 Kc7 92. Qa6 Ne4 93. Qa7+ Kc6 94. Qa8+ Kb5 95. Qxe4 Kb4 96. Kd5 1-0

[Event "Early-Titled-Tuesday-Blitz-February-27-2024"]
[Site "Chess.com"]
[Date "2024.02.27"]
[Round "5"]
[White "Msb2"]
[Black "ActorXu"]
[Result "1-0"]
[WhiteElo "3027"]
[BlackElo "2834"]
[TimeControl "180+1"]
[EndTime "8:48:27 PST"]
[Termination "Msb2 won by resignation"]

1. d4 Nf6 2. c4 e6 3. Nc3 Bb4 4. e3 O-O 5. Bd2 c5 6. a3 cxd4 7. axb4 dxc3 8. Bxc3 b6 9. Bd3 Bb7 10. Nf3 d6 11. O-O Ne4 12. Bxe4 Bxe4 13. Qd4 1-0

[Event "Early-Titled-Tuesday-Blitz-February-27-2024"]
[Site "Chess.com"]
[Date "2024.02.27"]
[Round "5"]
[White "Viktor_Poddubnyi"]
[Black "PavelChernomordik"]
[Result "0-1"]
[WhiteElo "2227"]
[BlackElo "2417"]
[TimeControl "180+1"]
[EndTime "8:48:53 PST"]
[Termination "PavelChernomordik won by resignation"]

1. e4 g6 2. d4 Bg7 3. c4 Nc6 4. Nf3 d6 5. d5 Ne5 6. Nxe5 Bxe5 7. Be2 c6 8. O-O Nf6 9. f4 Qb6+ 10. Kh1 Bxb2 11. Nd2 Bxa1 0-1

[Event "Early-Titled-Tuesday-Blitz-February-27-2024"]
[Site "Chess.com"]
[Date "2024.02.27"]
[Round "5"]
[White "KononenkoD"]
[Black "alexrustemov"]
[Result "0-1"]
[WhiteElo "2618"]
[BlackElo "2843"]
[TimeControl "180+1"]
[EndTime "8:49:16 PST"]
[Termination "alexrustemov won by resignation"]

1. d4 g6 2. c4 Bg7 3. Nc3 c5 4. d5 Bxc3+ 5. bxc3 f5 6. h4 Nf6 7. h5 Rg8 8. hxg6 hxg6 9. Nf3 Qa5 10. Bd2 d6 11. Ng5 Nbd7 12. e3 Ne5 13. Be2 Bd7 14. Qb3 O-O-O 15. Rb1 b6 16. f3 Rh8 17. Kf2 Qa4 18. Qxa4 Bxa4 19. Nf7 Nxf7 20. g4 fxg4 21. fxg4 Ne4+ 22. Kg2 Nxd2 23. Rxh8 Rxh8 0-1

[Event "Early-Titled-Tuesday-Blitz-February-27-2024"]
[Site "Chess.com"]
[Date "2024.02.27"]
[Round "5"]
[White "TheoSlade"]
[Black "agvega14"]
[Result "1-0"]
[WhiteElo "2425"]
[BlackElo "2210"]
[TimeControl "180+1"]
[EndTime "8:49:28 PST"]
[Termination "TheoSlade won by resignation"]

1. d4 d5 2. c4 e6 3. Nf3 Nf6 4. g3 Be7 5. Bg2 O-O 6. O-O dxc4 7.
Qc2 a6 8. a4 Nc6 9. Qxc4 Rb8 10. Nc3 Na5 11. Qd3 c5 12. Bf4 Ra8 13. Rad1 c4 14. Qc2 Nd5 15. Nxd5 e5 16. Nxe7+ 1-0

[Event "Early-Titled-Tuesday-Blitz-February-27-2024"]
[Site "Chess.com"]
[Date "2024.02.27"]
[Round "5"]
[White "Fernando_Offermann"]
[Black "Mikasinski"]
[Result "0-1"]
[WhiteElo "2484"]
[BlackElo "2643"]
[TimeControl "180+1"]
[EndTime "8:50:55 PST"]
[Termination "Mikasinski won by resignation"]

1. Nf3 Nf6 2. g3 g6 3. Bg2 Bg7 4. O-O O-O 5. c4 d6 6. d4 Re8 7.
Nc3 c6 8. e4 Qc7 9. h3 e5 10.
Be3 exd4 11. Nxd4 a5 12. Qc2 Na6 13. Rad1 Bd7 14. f4 Rad8 15. Bf2 b5 16. cxb5 cxb5 17. Qe2 Qc4 18. Qxc4 bxc4 19. Rfe1 Rb8 20. Rd2 Nc5 21. e5 Nd3 22. Rxd3 cxd3 23. exf6 Rxe1+ 24. Bxe1 Bxf6 25.
Nb3 a4 26. Nc1 d2 27. Bxd2 Rxb2 28. Be1 Bxc3 29. Bxc3 Rc2 0-1

[Event "Early-Titled-Tuesday-Blitz-February-27-2024"]
[Site "Chess.com"]
[Date "2024.02.27"]
[Round "5"]
[White "carloseduar100"]
[Black "WilsonPalencia21"]
[Result "0-1"]
[WhiteElo "2397"]
[BlackElo "2563"]
[TimeControl "180+1"]
[EndTime "8:50:59 PST"]
[Termination "WilsonPalencia21 won by resignation"]

1. g3 g6 2. Bg2 Bg7 3. Nf3 c5 4. O-O Nc6 5. d3 d6 6. Nbd2 e5 7. c4 Nge7 8. a3 O-O 9. e4 h6 10. h4 Be6 11. Re1 Qd7 12. Nf1 f5 13. Ne3 f4 14.
Nd5 Bg4 15. gxf4 exf4 16. Rb1 Nd4 17. b4 Nxd5 18. cxd5 Bxf3 19. Bxf3 Qh3 20. Bg2 Qxh4 21. f3 b6 22. bxc5 bxc5 23. Rb7 Rab8 24. Rxa7 Rb1 25.
Rf1 Rxc1 0-1

[Event "Early-Titled-Tuesday-Blitz-February-27-2024"]
[Site "Chess.com"]
[Date "2024.02.27"]
[Round "5"]
[White "xasid81"]
[Black "JaackCamel"]
[Result "1-0"]
[WhiteElo "2540"]
[BlackElo "2202"]
[TimeControl "180+1"]
[EndTime "8:50:59 PST"]
[Termination "xasid81 won by resignation"]

1. Nf3 d5 2. Ng1 e5 3. Nf3 e4 4.
Ng1 Nf6 5. d3 exd3 6. exd3 Be7 7. Nf3 O-O 8. Be2 c5 9. O-O Nc6 10.
h3 Bf5 11. Re1 h6 12. Nbd2 Bd6 13. Nf1 Qc7 14. c3 Rae8 15. d4 b6 16. dxc5 bxc5 17. Ne3 Be4 18. Nf1 Rd8 19. Qa4 Rfe8 20. Bd2 Bf5 21. Bb5 Rxe1 22. Rxe1 Ne5 23. Nxe5 Bxe5 24.
c4 d4 25. Ba5 Bc2 26. Bxc7 Bxa4 27. Bxd8 Bxb5 28. Rxe5 Bxc4 29. Bxf6 1-0

[Event "Early-Titled-Tuesday-Blitz-February-27-2024"]
[Site "Chess.com"]
[Date "2024.02.27"]
[Round "5"]
[White "picturesquecheck"]
[Black "PabloZarnicki"]
[Result "0-1"]
[WhiteElo "2482"]
[BlackElo "2638"]
[TimeControl "180+1"]
[EndTime "8:51:02 PST"]
[Termination "PabloZarnicki won by resignation"]

1. e4 e6 2. d4 d5 3. Nd2 Nc6 4. Ngf3 Nf6 5. e5 Nd7 6. Bd3 f6 7. Ng5 Ndxe5 8. dxe5 fxg5 9. Qh5+ Kd7 10. Nf3 g6 11.
Qxg5 Qxg5 12. Bxg5 Bg7 13. Bf4 Rf8 14. Bg3 Nb4 15.
O-O c5 16. Bb5+ Kc7 17. a3 Nc6 18. b4 c4 19. Rfe1 Rxf3 20. Bxc6 Rxg3 21. Bxb7 Rxg2+ 22. Kxg2 Bxb7 23. f3 Rf8 24. Kg3 Rf5 25. f4 g5 26.
fxg5 Bxe5+ 27. Kg4 Bxa1 0-1

[Event "Early-Titled-Tuesday-Blitz-February-27-2024"]
[Site "Chess.com"]
[Date "2024.02.27"]
[Round "5"]
[White "Pliukha_Mikhail"]
[Black "amanjazu"]
[Result "1-0"]
[WhiteElo "2740"]
[BlackElo "2510"]
[TimeControl "180+1"]
[EndTime "8:51:08 PST"]
[Termination "Pliukha_Mikhail won by resignation"]

1. e4 Nf6 2. e5 Nd5 3. Nc3 Nb6 4. a4 a5 5. d4 d6 6. Nf3 g6 7. h4 Bg4 8. Be2 Bg7 9. Bf4 Nc6 10. exd6 cxd6 11.
d5 Nb4 12. Ng5 Bxc3+ 13. bxc3 Bxe2 14. Qxe2 N4xd5 15. Bd2 Rc8 16. h5 Kd7 17. Nxf7 Qg8 18. Nxh8 Qxh8 19. hxg6 Nxc3 20. Qg4+ Kd8 21. Rxh7 Qe5+ 22.
Kf1 Ne4 23. Rd1 Nc4 24. Bf4 Qc5 25. Rh8+ 1-0